 Dungeon Crawl Stone Soup version 0.17-a0-1636-g3119f2b (webtiles) character file.

492202 nubinia the Sorcerer (level 23, -22/135 HPs)
             Began as a High Elf Ice Elementalist on Aug 1, 2015.
             Was the Champion of Sif Muna.
             Killed from afar by a frost giant (35 damage)
             ... with a bolt of cold
             ... on level 2 of the Depths on Aug 5, 2015.
             The game lasted 16:07:50 (88472 turns).

nubinia the Sorcerer (High Elf Ice Elementalist)   Turns: 88472, Time: 16:07:51

Health: -22/135    AC: 23    Str:  7    XL:     23   Next: 90%
Magic:  23/50      EV: 25    Int: 35    God:    Sif Muna [******]
Gold:   5708       SH:  0    Dex: 33    Spells: 20 memorised, 3 levels left

rFire  + + .     SeeInvis .     b - +7 shortbow (flame)
rCold  . . .     Clarity  .     h - +3 leather armour "Jesax" {rC+ Int+4 Dex+5}
rNeg   . . .     SustAt   .     (no shield)
rPois  +         Gourm    +     M - +0 hat of Weightlessness {MR+ Stlth+}
rElec  +         Spirit   .     t - +2 cloak {rPois}
rCorr  .         Warding  .     V - +2 pair of gloves {archery}
rMut   .         Stasis   .     T - +1 pair of boots
MR     +++..                    g - amulet of the gourmand
Stlth  ++++++....               O - ring "Koetougual" {rF+ rC- Int+7 Dex+5}
                                Q - ring of Robustness {AC+8}

@: repel missiles, extremely resistant to hostile enchantments, very stealthy
A: antennae 1, agile 1, blink 1, dopey 1, fire resistance 1, electricity
resistance
a: Blink, Channel Energy, Forget Spell, Renounce Religion
}: 2/15 runes: decaying, serpentine


You were on level 2 of the Depths.
You worshipped Sif Muna.
Sif Muna was exalted by your worship.
You were full.

You visited 10 branches of the dungeon, and saw 48 of its levels.
You also visited: Labyrinth, Trove and Wizlab.

You collected 7075 gold pieces.
You spent 1367 gold pieces at shops.

Inventory:

Hand weapons
 a - a +2 shortbow of evasion
 b - a +7 shortbow of flaming (weapon)
 r - a +0 blowgun
 s - the +4 flail "Raestrao" {crush, rElec Str-4 Dex+7 SInv}
   (You took it off a deep elf death mage on level 3 of the Elven Halls)

   It inflicts extra damage upon your enemies.
   It affects your strength (-4).
   It affects your dexterity (+7).
   It insulates you from electricity.
   It lets you see invisible.
 u - the +6 rapier of Overwhelming Force {drain, rF+}
   (You bought it in a shop on level 2 of the Depths)

   A truly terrible weapon, it drains the life of those it strikes.
   It protects you from fire.
 x - the +9 rapier of the Eternal Warrior {pierce, +Blink}
   (You found it on level 10 of the Dungeon)

   It inflicts extra damage upon your enemies.
   It lets you blink.
 L - the +6 halberd "Beetlebane" {freeze, rElec rN+ Dex+3}
   (You found it on level 1 of the Vaults)

   It has been specially enchanted to freeze those struck by it, causing extra
   injury to most foes and up to half again as much damage against particularly
   susceptible opponents.
   It can also slow down cold-blooded creatures.
   It affects your dexterity (+3).
   It insulates you from electricity.
   It protects you from negative energy.
Missiles
 J - 15 curare-tipped needles
 N - 286 arrows (quivered)
 Y - 37 arrows of dispersal
Armour
 e - the +0 pair of gloves of Kion {rF++ Slay+2}
   (You bought it in a shop on level 2 of the Depths)

   It affects your accuracy and damage with ranged weapons and melee attacks
   (+2).
   It greatly protects you from fire.
 h - the +3 leather armour "Jesax" (worn) {rC+ Int+4 Dex+5}
   (You found it on level 2 of the Lair of Beasts)

   It affects your intelligence (+4).
   It affects your dexterity (+5).
   It protects you from cold.
 t - a +2 cloak of poison resistance (worn)
 M - the +0 hat of Weightlessness (worn) {MR+ Stlth+}
   (You acquired it on level 1 of the Swamp)

   It affects your resistance to hostile enchantments.
   It makes you more stealthy.
 T - a +1 pair of boots (worn)
 V - a +2 pair of gloves of archery (worn)
Magical staves
 P - an uncursed staff of wizardry
Jewellery
 g - an amulet of the gourmand (around neck)
 i - the amulet of the Enemy {rMut rElec}
   (You found it in a wizard's laboratory)

   [amulet of resist mutation]

   It protects you from mutation.
   It insulates you from electricity.
 k - the amulet "Vexuej" {Regen+ Dex+2}
   (You found it in a treasure trove)

   [amulet of regeneration]

   It affects your dexterity (+2).
   It increases your rate of regeneration.
 w - an uncursed amulet of warding
 C - an uncursed amulet of resist corrosion
 E - an uncursed ring of positive energy
 O - the ring "Koetougual" (right hand) {rF+ rC- Int+7 Dex+5}
   (You took it off a deep elf sorcerer on level 3 of the Elven Halls)

   [ring of protection from fire]

   It affects your intelligence (+7).
   It affects your dexterity (+5).
   It protects you from fire.
   It makes you vulnerable to cold.
 Q - the ring of Robustness (left hand) {AC+8}
   (You found it in a treasure trove)

   [ring of protection]

   It affects your AC (+8).
Magical devices
 c - a wand of cold (10)
 o - a wand of fire (3)
 z - a wand of fireball (6)
 I - a wand of lightning (10)
 R - a wand of hasting (2)
 U - a wand of draining (11)
Scrolls
 d - a scroll of identify
 f - 5 scrolls of magic mapping
 m - 12 scrolls of remove curse
 F - 13 scrolls of recharging
 G - 6 scrolls of teleportation
 H - 6 scrolls of summoning
 K - a scroll of enchant armour
 Z - 2 scrolls of blinking
Potions
 j - 2 potions of heal wounds
 p - 2 potions of agility
 q - 20 potions of curing
 v - 4 potions of resistance
 A - 3 potions of magic
 X - a potion of haste
Miscellaneous
 n - 2 phantom mirrors
 B - a lamp of fire
Comestibles
 y - 3 bread rations


   Skills:
 + Level 5.1 Fighting
 + Level 5.0 Short Blades
 + Level 18.4 Bows
 + Level 3.8 Armour
 + Level 11.0 Dodging
 + Level 10.0 Stealth
   Level 1.0 Shields
 * Level 22.8 Spellcasting
 * Level 16.4 Conjurations
 * Level 7.3 Hexes
 * Level 16.4 Charms
 + Level 1.6 Summonings
 - Level 2.0 Necromancy
 * Level 16.5 Translocations
 + Level 12.1 Ice Magic
 * Level 14.5 Air Magic
 - Level 1.0 Poison Magic
 - Level 7.0 Invocations
 + Level 0.6 Evocations


You had 3 spell levels left.
You knew the following spells:

 Your Spells              Type           Power        Failure   Level  Hunger
a - Magic Dart            Conj           ####         0%          1    None
b - Dazzling Spray        Conj/Hex       #######.     1%          3    None
c - Ozocubu's Armour      Chrm/Ice       #######.     0%          3    None
d - Condensation Shield   Ice            #######...   1%          4    None
e - Swiftness             Chrm/Air       #######.     0%          2    None
f - Force Lance           Conj/Tloc      ########     0%          4    None
g - Shroud of Golubria    Chrm/Tloc      ########..   0%          2    None
h - Dispel Undead         Necr           ######..     14%         5    None
i - Iskenderun's Battles  Conj/Chrm      ########     1%          5    None
j - Blink                 Tloc           N/A          0%          2    None
k - Mephitic Cloud        Conj/Pois/Air  #######.     1%          3    None
l - Controlled Blink      Tloc           N/A          1%          7    None
n - Summon Lightning Spi  Summ/Air       #######.     1%          4    None
p - Portal Projectile     Tloc           ######       0%          3    None
r - Repel Missiles        Chrm/Air       ######       0%          2    None
A - Apportation           Tloc           ########..   0%          1    None
F - Cause Fear            Hex            ######....   1%          4    None
P - Phase Shift           Tloc           ########..   1%          5    None
R - Regeneration          Chrm/Necr      #######...   1%          3    None
S - Animate Skeleton      Necr           N/A          1%          1    None


Dungeon Overview and Level Annotations

Branches:
Dungeon (15/15)            Temple (1/1) D:7            Lair (8/8) D:11
  Swamp (4/4) Lair:3        Snake (4/4) Lair:6        Slime (0/6) Lair:6
    Orc (4/4) D:9             Elf (3/3) Orc:4        Vaults (4/5) D:14
  Crypt (3/3) Vaults:3       Tomb (0/3) Crypt:3      Depths (2/5) D:15

Altars:
Ashenzari
Cheibriados
Dithmenos
Elyvilon
Fedhas
Gozag
Kikubaaqudgha
Makhleb
Nemelex Xobeh
Okawaru
Qazlal
Ru
Sif Muna
Trog
Vehumet
Xom
Yredelemnul
Zin
The Shining One
Beogh

Shops:
D:5 *   D:14 (   Orc:4 [:!*   Vaults:1 !   Vaults:2 [   Vaults:3 !   Vaults:4 [
Depths:2 ?*%(

Portals:
Hell: Depths:1 Depths:2
Pandemonium: Depths:2

Annotations:
Lair:7 Alipheese's ghost, powerful NaWz
Swamp:4 Lernaean hydra; Mara
Vaults:2 Sojobo
Crypt:2 Khufu


Innate Abilities, Weirdness & Mutations

You have a pair of small antennae on your head.
You are agile. (Dex +2)
You can translocate small distances at will.
You are dopey. (Int -2)
Your flesh is heat resistant.
You are resistant to electric shocks.


Message History

Press: ? - help, Shift-Dir - straight line, f/p - frost giant
Aim: a frost giant, wielding a battleaxe of freezing (heavily wounded)
You shoot an arrow. The arrow hits the frost giant!!
The arrow burns the frost giant.
The frost giant is severely wounded.
The frost giant casts a spell at you. The bolt of cold hits you!
* * * LOW HITPOINT WARNING * * *
Casting: Repel Missiles
Confirm with . or Enter, or press ? or * to list all spells.
Aiming: Force Lance
Press: ? - help, Shift-Dir - straight line, f/p - frost giant
Aim: a frost giant, wielding a battleaxe of freezing (severely wounded)
The lance of force hits the frost giant.
The frost giant is almost dead.
The frost giant is knocked back by the lance of force.
The frost giant slams into the rock wall!
The frost giant gestures at you while chanting.
The bolt of cold hits you!
You die...

##....###+##..#### ##.........%(
.....##....#.....# ###########.
..####.....#.....# #'
+###.......#.....################
...##.....##..........C#.....#...
....##...*#..........C(+.....#..#
.....##...'.....####(###.....+..#
......##..###..##..)..#......####
##.....####.##'#@.....#.....##.+.
.#.......#............##....#..#'
.'...%...##............#..###≈≈≈.
#####.....#..........######.≈≈≈≈≈
....#.....##.........#.#....≈≈∩≈≈
#...##.....#.........#.#....≈≈.≈≈
'....#....####....#'##.')...#≈.≈+
#######...'.[#'##.#..Z.###Z.'..#.
#.....###.#.....###......#{.##.##


You could see a frost giant.

Vanquished Creatures
  Frederick (Vaults:4)
  Margery (Vaults:3)
  Norris (Vaults:2)
  A profane servitor (Crypt:3)
  Nikola (Elf:1)
  Jory (Vaults:3)
  A bone dragon (Crypt:3)
  Xtahua (Crypt:3)
  6 liches
  Jorgrun (Vaults:3)
  Rupert (Lair:6)
  A tentacled monstrosity (Vaults:4)
  A quicksilver dragon (shapeshifter) (WizLab)
  3 deep elf blademasters
  4 deep elf master archers (Elf:3)
  A quicksilver dragon (Depths:2)
  3 ancient champions
  A thorn hunter (Swamp:4)
  Frances (Swamp:2)
  3 tengu reavers
  7 greater nagas
  A revenant (Crypt:3)
  Donald (Crypt:2)
  Maud (Orc:3)
  6 fire giants
  3 frost giants
  Aizul (Snake:3)
  Louise (Swamp:2)
  A curse skull (Crypt:1)
  9 vault wardens
  6 deep elf sorcerers (Elf:3)
  8 ghouls
  2 reapers
  6 vampire knights
  11 stone giants
  6 ironheart preservers
  18 very ugly things
  9 deep elf demonologists
  2 salamander stormcallers
  4 deep elf annihilators (Elf:3)
  9 eidola
  4 ettins
  A merfolk javelineer (Depths:1)
  9 deep elf death magi
  A dire elephant (Lair:8)
  Snorg (Lair:3)
  13 vault guards
  21 jiangshi
  Josephine (Orc:4)
  4 fire dragons
  4 deep elf high priests
  4 entropy weavers (Depths:1)
  9 yaktaur captains
  7 great orbs of eyes
  4 rakshasas
  Fannar (Orc:1)
  The ghost of urechis the Bludgeoner, an experienced OgGl of Ru (D:10)
  2 death cobs (Crypt:3)
  19 naga warriors
  3 ice dragons (Depths:1)
  11 anacondas
  19 hydras
  A spriggan air mage (Depths:2)
  4 death knights
  A catoblepas (Lair:8)
  A spectral frost giant (Crypt:3)
  10 centaur warriors
  14 dancing weapons (Elf:2)
  8 death yaks (Lair:8)
  8 alligators
  A ghost crab (shapeshifter) (WizLab)
  6 deep troll shamans
  An alligator (shapeshifter) (Vaults:2)
  15 ogre magi
  4 deep troll earth magi
  A tengu warrior (Depths:2)
  3 orc high priests
  Urug (D:12)
  11 naga sharpshooters
  3 vampire magi (Crypt:3)
  An iron golem (WizLab)
  5 shock serpents
  Nergalle (D:12)
  A soul eater (Crypt:1)
  A storm dragon zombie (Crypt:2)
  2 hell knights (Vaults:3)
  15 spriggans
  5 flayed ghosts
  A salamander mystic (Snake:2)
  5 shadow wraiths
  An unseen horror (shapeshifter) (WizLab)
  2 unseen horrors
  3 iron trolls
  27 deep elf knights
  4 giant orange brains
  A swamp dragon (shapeshifter) (Depths:1)
  12 swamp dragons
  26 skeletal warriors
  A sea snake (shapeshifter) (WizLab)
  4 spriggan druids
  7 naga ritualists
  12 deep elf summoners
  13 orc knights
  An obsidian statue (Depths:1)
  A gelid demonspawn (Depths:2)
  A spectral iron dragon (Crypt:3)
  8 sea snakes (Snake:4)
  14 mana vipers
  16 deep trolls
  8 cyclopes
  2 hornets (Swamp:4)
  11 ironbrand convokers
  8 phantasmal warriors
  A wolf spider zombie (D:15)
  7 hill giants
  A sphinx zombie (Crypt:2)
  19 deep elf conjurers
  7 harpies
  8 necromancers
  7 wolf spiders
  10 salamanders
  57 ugly things
  The ghost of Razuka the Covert, an experienced SpAs (D:7)
  5 griffons
  A harpy (shapeshifter) (Depths:1)
  An orc sorcerer (Elf:2)
  2 octopodes (shapeshifter) (WizLab)
  12 elephants
  7 large abominations
  A frost giant zombie (Crypt:2)
  A manticore (D:13)
  A salamander (shapeshifter) (Elf:3)
  21 naga magi
  4 wizards
  48 black mambas
  Maurice (Orc:1)
  A gargoyle (D:15)
  A hellion (Depths:2)
  A guardian serpent (shapeshifter) (WizLab)
  A torpor snail (Lair:8)
  12 vault sentinels
  10 guardian serpents
  A human skeleton (Vaults:2)
  2 rust devils (Depths:2)
  An elephant slug zombie (Crypt:1)
  3 black mambas (shapeshifter)
  9 komodo dragons
  5 centaur skeletons
  A mottled draconian zombie (Crypt:1)
  2 human zombies
  16 spiny frogs
  2 fire drakes (shapeshifter)
  3 fire drakes
  25 yaktaurs
  15 deep elf priests
  A jumping spider (shapeshifter) (D:15)
  A red draconian skeleton (Crypt:2)
  5 trolls
  2 polar bears (shapeshifter) (WizLab)
  A wolf spider simulacrum (Crypt:3)
  A yaktaur (shapeshifter) (WizLab)
  A tengu conjurer (Depths:2)
  3 polar bears
  8 giant leeches
  7 freezing wraiths
  2 jumping spiders
  Grinder (D:5)
  9 small abominations
  9 bog bodies
  2 trapdoor spider zombies (D:12)
  28 two-headed ogres
  A hydra skeleton (Crypt:2)
  A raiju (shapeshifter) (Depths:1)
  7 boulder beetles
  30 slime creatures
  50 flying skulls
  2 blink frogs (shapeshifter) (WizLab)
  A boulder beetle (shapeshifter) (Depths:1)
  A tarantella (Depths:1)
  A trapdoor spider (shapeshifter) (WizLab)
  31 blink frogs
  2 trapdoor spiders
  2 wyverns
  13 redbacks
  6 shadows
  A fire bat (shapeshifter) (WizLab)
  41 yaks
  A tarantella (shapeshifter) (Vaults:3)
  A basilisk (D:11)
  35 deep elf magi
  2 hippogriffs (shapeshifter) (WizLab)
  2 vampires
  Eustachio (D:4)
  A neqoxec (Depths:2)
  A water elemental (Depths:1)
  42 vampire mosquitoes
  18 humans (D:14)
  4 mottled dragons
  A steam dragon (D:8)
  A golden eye (shapeshifter) (WizLab)
  12 wraiths
  11 hippogriffs
  34 deep elf fighters
  14 wolves
  7 wargs
  Edmund (D:5)
  10 insubstantial wisps
  20 swamp worms
  An alligator simulacrum (Crypt:2)
  3 hungry ghosts
  67 nagas
  A soldier ant (shapeshifter) (Vaults:3)
  A monstrous demonspawn skeleton (Crypt:2)
  3 phantoms
  14 porcupines
  19 water moccasins
  16 swamp drakes
  4 sky beasts
  57 orc warriors
  18 wasps
  An eye of draining (D:14)
  43 ogres
  An eye of draining (shapeshifter) (WizLab)
  A tengu (shapeshifter) (WizLab)
  7 boggarts
  4 black bears
  18 centaurs
  A lindwurm skeleton (Crypt:1)
  7 necrophages
  A crocodile (shapeshifter) (Depths:1)
  A glowing shapeshifter simulacrum (Vaults:2)
  15 crocodiles
  A big kobold (D:6)
  23 giant frogs
  A brain worm (Lair:2)
  A spiny frog simulacrum (Crypt:3)
  A vine stalker skeleton (Crypt:1)
  An ogre simulacrum (Vaults:1)
  4 scorpions
  14 killer bees
  A human simulacrum (Vaults:2)
  A raiju skeleton (Crypt:1)
  2 spriggan skeletons (D:11)
  15 wights
  A yak skeleton (Crypt:2)
  4 electric eels
  4 giant frog zombies
  4 lava snakes (Lab)
  A wasp zombie (D:12)
  A wyvern simulacrum (D:14)
  A black bear zombie (Crypt:2)
  2 centaur zombies
  2 giant frog skeletons (D:12)
  27 orc wizards
  10 crimson imps
  12 hounds
  Crazy Yiuf (D:3)
  35 orc priests
  20 jellies
  11 iguanas
  3 quasits
  12 worker ants
  A brain worm zombie (Crypt:1)
  A crocodile zombie (Crypt:1)
  35 sheep
  A tengu skeleton (Crypt:1)
  A hound skeleton (D:9)
  2 mummies (Crypt:2)
  2 worker ant zombies
  Robin (D:4)
  13 adders
  3 gnolls
  29 river rats
  A shadow imp (D:7)
  A white imp (Depths:2)
  An ufetubus (Depths:2)
  18 oozes
  2 adder skeletons (D:9)
  An adder zombie (D:7)
  4 giant eyeballs (WizLab)
  A sheep skeleton (Crypt:2)
  3 worms
  228 orcs
  5 ball pythons
  7 bats
  7 giant cockroaches
  13 goblins
  8 hobgoblins
  26 jackals
  26 kobolds
  A ball python zombie (D:5)
  6 giant geckos
  A giant gecko zombie (D:9)
  4 giant newts
  2 goblin zombies (D:7)
  5 hobgoblin zombies
  A jackal skeleton (D:7)
  2 kobold zombies
  An orc skeleton (D:7)
  7 quokkas
  A quokka skeleton (D:7)
  8 rats
  5 crawling corpses
  3 plants (D:6)
2430 creatures vanquished.

Vanquished Creatures (collateral kills)
  A fire giant (Vaults:2)
  A deep elf sorcerer (Elf:3)
  3 ironheart preservers
  A deep elf death mage (Elf:3)
  A fire dragon (Depths:2)
  A vault guard (Vaults:2)
  A merfolk impaler (Depths:1)
  A minotaur (Lab)
  An entropy weaver (Depths:1)
  A centaur warrior (Vaults:4)
  A deep troll earth mage (Depths:1)
  A deep troll shaman (Depths:1)
  A shock serpent (Snake:3)
  A death yak (Lair:8)
  An iron troll (D:15)
  A deep elf knight (Elf:3)
  A deep troll (Vaults:3)
  An ironbrand convoker (Vaults:4)
  2 orc knights
  A wolf spider (Vaults:2)
  3 ugly things
  A dire elephant zombie (Crypt:1)
  A black mamba (Lair:1)
  A torpor snail (Lair:4)
  A vault sentinel (Vaults:4)
  A freezing wraith (Vaults:4)
  A blue devil (Depths:2)
  9 slime creatures
  A blink frog (Lair:4)
  2 two-headed ogres (Vaults:2)
  A boulder beetle (Vaults:2)
  3 redbacks (Depths:1)
  A yak (shapeshifter) (Vaults:1)
  2 deep elf magi
  A human (shapeshifter) (Depths:1)
  4 yaks (Lair:3)
  A wraith (Crypt:1)
  6 ogres
  4 orc warriors
  2 orc wizards
  2 sheep (Lair:4)
  A shadow imp (Depths:2)
  2 orcs
74 creatures vanquished.

Vanquished Creatures (others)
  Boris (Crypt:1)
  A fire giant (Vaults:4)
  A sea snake (Snake:4)
  A spriggan druid (Swamp:3)
  A deep troll (Vaults:2)
  An ugly thing (Depths:1)
  A deep elf conjurer (Vaults:2)
  A flying skull (Crypt:2)
  A deep elf mage (Vaults:4)
  A sky beast (D:6)
  A wasp (Swamp:2)
  3 orcs
  2 bushes (Lair:8)
  A fire vortex (Vaults:2)
  68 fungi
  3 lost souls
  44 plants
132 creatures vanquished.

Grand Total: 2636 creatures vanquished

Notes
Turn   | Place    | Note
--------------------------------------------------------------
     0 | D:1      | nubinia the High Elf Ice Elementalist began the quest for the Orb.
     0 | D:1      | Reached XP level 1. HP: 11/11 MP: 4/4
   180 | D:1      | Reached XP level 2. HP: 17/17 MP: 2/6
   500 | D:1      | Learned a level 2 spell: Throw Frost
   981 | D:2      | Reached XP level 3. HP: 21/21 MP: 8/8
   986 | D:2      | Learned a level 3 spell: Ozocubu's Armour
  1589 | D:2      | Reached XP level 4. HP: 27/27 MP: 6/10
  1668 | D:2      | Found a sparkling altar of Nemelex Xobeh.
  2400 | D:3      | Noticed Crazy Yiuf
  2409 | D:3      | Killed Crazy Yiuf
  2537 | D:4      | Noticed Robin
  2574 | D:4      | Found a basalt altar of Yredelemnul.
  2574 | D:4      | Found an ancient bone altar of Kikubaaqudgha.
  2574 | D:4      | Found a shattered altar of Ashenzari.
  2574 | D:4      | Found a sacrificial altar of Ru.
  2574 | D:4      | Found an opulent altar of Gozag.
  2574 | D:4      | Found a bloodstained altar of Trog.
  2585 | D:4      | Found a white marble altar of Elyvilon.
  2602 | D:4      | Reached skill level 4 in Ice Magic
  2684 | D:4      | Noticed Eustachio
  2692 | D:4      | Noticed a giant frog
  2699 | D:4      | Killed a giant frog
  2699 | D:4      | Reached XP level 5. HP: 29/32 MP: 7/12
  2762 | D:4      | Reached skill level 1 in Fighting
  3596 | D:4      | Reached XP level 6. HP: 32/38 MP: 9/14
  3889 | D:4      | Killed Robin
  4039 | D:5      | Entered Level 5 of the Dungeon
  4134 | D:5      | Noticed Grinder
  4279 | D:4      | Reached skill level 5 in Spellcasting
  4348 | D:5      | Reached skill level 1 in Charms
  4606 | D:6      | Reached XP level 7. HP: 40/43 MP: 11/16
  4823 | D:5      | Noticed Edmund
  5280 | D:6      | Reached skill level 6 in Spellcasting
  5280 | D:6      | Reached skill level 5 in Ice Magic
  5720 | D:6      | Learned a level 4 spell: Condensation Shield
  5751 | D:6      | Reached XP level 8. HP: 41/48 MP: 11/19
  5763 | D:6      | Reached skill level 5 in Dodging
  6320 | D:7      | Found a staircase to the Ecumenical Temple.
  6384 | Temple   | Entered the Ecumenical Temple
  6586 | D:7      | Reached skill level 7 in Spellcasting
  6781 | D:7      | Noticed Razuka's ghost (experienced SpAs)
  6892 | D:7      | Found a glowing golden altar of the Shining One.
  7273 | D:7      | Reached skill level 8 in Spellcasting
  7809 | D:7      | Noticed a slime creature
  8128 | D:8      | Got a shimmering ring mail
  8149 | D:8      | Reached XP level 9. HP: 52/54 MP: 22/22
  8932 | D:8      | Found a snail-covered altar of Cheibriados.
  8933 | D:8      | Found a deep blue altar of Sif Muna.
  8938 | D:8      | Became a worshipper of Sif Muna the Loreminder
  8944 | D:8      | Learned a level 4 spell: Throw Icicle
  8949 | D:8      | Learned a level 4 spell: Force Lance
  9011 | D:8      | Reached skill level 9 in Spellcasting
  9594 | D:9      | Reached skill level 1 in Translocations
 10054 | D:9      | Acquired Sif Muna's first power
 10083 | D:9      | Identified the +3 ring mail of the Sky {+Inv rF+++ rC- MR-} (You found it on level 8 of the Dungeon)
 10208 | D:9      | Found a blossoming altar of Fedhas.
 10491 | D:9      | Found a staircase to the Orcish Mines.
 10592 | Orc:1    | Entered Level 1 of the Orcish Mines
 10596 | Orc:1    | Reached XP level 10. HP: 60/60 MP: 17/24
 10669 | Orc:1    | Acquired Sif Muna's second power
 10813 | Orc:1    | Reached skill level 1 in Short Blades
 10880 | Orc:1    | Noticed Maurice
 10923 | Orc:1    | Killed Maurice
 11083 | Orc:1    | Reached skill level 1 in Armour
 11125 | Orc:1    | Reached skill level 10 in Spellcasting
 11210 | Orc:1    | Noticed Fannar
 11736 | Orc:1    | Killed Fannar
 12193 | Orc:2    | Noticed an orc high priest
 12365 | D:10     | Entered Level 10 of the Dungeon
 12380 | D:10     | Got a jewelled rapier
 12397 | D:10     | Identified the +9 rapier of the Eternal Warrior {pierce, +Blink} (You found it on level 10 of the Dungeon)
 12453 | D:10     | Reached skill level 5 in Charms
 12513 | D:10     | Noticed urechis's ghost (experienced OgGl)
 13215 | D:9      | Learned a level 4 spell: Summon Ice Beast
 13486 | D:7      | Killed a slime creature
 13548 | D:7      | Reached skill level 5 in Conjurations
 14081 | D:4      | Found a bloodstained altar of Trog.
 14082 | D:4      | Found an opulent altar of Gozag.
 14084 | D:4      | Found a white marble altar of Elyvilon.
 14085 | D:4      | Found a sacrificial altar of Ru.
 14085 | D:4      | Found a shattered altar of Ashenzari.
 14086 | D:4      | Found an ancient bone altar of Kikubaaqudgha.
 14087 | D:4      | Found a basalt altar of Yredelemnul.
 15047 | D:10     | Reached skill level 1 in Invocations
 15075 | D:10     | Noticed a hill giant
 15174 | D:11     | Found a labyrinth entrance.
 15185 | Lab      | Entered a labyrinth
 15731 | Lab      | Noticed a minotaur
 15769 | Lab      | Killed a minotaur
 15769 | Lab      | Reached XP level 11. HP: 52/65 MP: 4/26
 15831 | Lab      | Identified the Reference Book on Weightlessness (You found it in a labyrinth)
 15835 | Lab      | Learned a level 2 spell: Shroud of Golubria
 15837 | Lab      | Learned a level 1 spell: Apportation
 15839 | Lab      | Identified a cursed +2 rod of the swarm (14/14) (You found it in a labyrinth)
 15910 | D:11     | Reached skill level 11 in Spellcasting
 15926 | D:11     | Found a staircase to the Lair.
 15935 | Lair:1   | Entered Level 1 of the Lair of Beasts
 16027 | Lair:1   | Learned a level 2 spell: Blink
 16031 | Lair:1   | Learned a level 3 spell: Mephitic Cloud
 16489 | Lair:1   | Acquired Sif Muna's third power
 17025 | Lair:2   | Got an ichor-stained leather armour
 17036 | Lair:2   | Identified the +3 leather armour "Jesax" {rC+ Int+4 Dex+5} (You found it on level 2 of the Lair of Beasts)
 17084 | Lair:2   | Reached skill level 1 in Air Magic
 17105 | Lair:2   | Reached skill level 5 in Translocations
 18068 | Lair:3   | Noticed a six-headed hydra
 18377 | Lair:4   | Noticed a five-headed hydra
 18994 | Lair:3   | Noticed Snorg
 19443 | Lair:3   | Reached skill level 12 in Spellcasting
 19474 | Lair:3   | Reached XP level 12. HP: 72/72 MP: 10/29
 19565 | Lair:3   | Killed a six-headed hydra
 19680 | Lair:3   | Found a staircase to the Swamp.
 19694 | Lair:3   | Reached skill level 5 in Stealth
 19806 | Lair:3   | Received a gift from Sif Muna
 19807 | Lair:3   | Identified Sif Muna's Incunabulum of Glacial Attacks (Sif Muna gifted it to you on level 3 of the Lair of Beasts)
 20079 | Lair:3   | Killed Snorg
 21033 | Lair:4   | Reached skill level 1 in Summonings
 21074 | Lair:4   | Reached skill level 5 in Air Magic
 21398 | Lair:4   | Killed a five-headed hydra
 21398 | Lair:4   | Reached skill level 1 in Shields
 21558 | Lair:4   | Upgraded the game from 0.17-a0-1617-gfba1302 to 0.17-a0-1625-g47e540b
 21811 | Lair:5   | Noticed a seven-headed hydra
 21816 | Lair:5   | Killed a seven-headed hydra
 21877 | Lair:5   | Noticed a seven-headed hydra
 21960 | Lair:5   | Killed a seven-headed hydra
 22092 | Lair:5   | Noticed a seven-headed hydra
 22109 | Lair:5   | Killed a seven-headed hydra
 22598 | Lair:6   | Learned a level 5 spell: Iskenderun's Battlesphere
 22600 | Lair:6   | Learned a level 1 spell: Magic Dart
 22616 | Lair:6   | Found a staircase to the Snake Pit.
 22629 | Lair:6   | Reached XP level 13. HP: 77/77 MP: 30/30
 22690 | Lair:6   | Found a staircase to the Slime Pits.
 22763 | Lair:6   | Noticed Rupert
 23146 | Lair:6   | Received a gift from Sif Muna
 23272 | Lair:6   | Paralysed by Rupert for 7 turns
 23316 | Lair:6   | Killed Rupert
 23316 | Lair:6   | Reached skill level 13 in Spellcasting
 23609 | Lair:7   | Noticed Alipheese's ghost (powerful NaWz)
 24327 | Lair:8   | Entered Level 8 of the Lair of Beasts
 24813 | Lair:8   | Reached skill level 5 in Invocations
 24833 | Lair:8   | Reached skill level 1 in Poison Magic
 24896 | Lair:8   | Received a gift from Sif Muna
 25757 | Lair:7   | Reached XP level 14. HP: 72/83 MP: 12/32
 26251 | Lair:8   | Reached skill level 14 in Spellcasting
 26273 | Lair:8   | Reached skill level 10 in Charms
 26402 | Lair:8   | Identified Cogecaemn's Volume of Harmful Lightness (Sif Muna gifted it to you on level 8 of the Lair of Beasts)
 26412 | Lair:8   | Noticed a dire elephant
 26425 | Lair:8   | Killed a dire elephant
 27702 | D:10     | Killed a hill giant
 28106 | D:10     | Killed urechis's ghost
 28106 | D:10     | Reached skill level 10 in Ice Magic
 28668 | Orc:2    | Killed an orc high priest
 28976 | Orc:3    | Noticed an orc warlord
 29145 | Orc:4    | Entered Level 4 of the Orcish Mines
 29157 | Orc:4    | Found a roughly hewn altar of Beogh.
 29509 | Orc:4    | Received a gift from Sif Muna
 29510 | Orc:4    | Identified Sif Muna's Incunabulum of Bewitching Attacks (Sif Muna gifted it to you on level 4 of the Orcish Mines)
 29515 | Orc:4    | Learned a level 3 spell: Dazzling Spray
 29582 | Orc:4    | Found a staircase to the Elven Halls.
 29694 | Orc:4    | Reached skill level 10 in Conjurations
 30522 | Orc:4    | Found a roughly hewn altar of Beogh.
 30765 | Orc:4    | Found Mupig's Book Shoppe.
 30765 | Orc:4    | Found Ylyd's Armour Shop.
 30840 | Orc:4    | Noticed Josephine
 30844 | Orc:4    | Killed Josephine
 31122 | Orc:4    | Found Murom's General Store.
 31122 | Orc:4    | Found Cofad's Distillery.
 31136 | Orc:4    | Gained mutation: You are dopey. (Int -2) [potion of mutation]
 31136 | Orc:4    | Gained mutation: You can translocate small distances at will. [potion of mutation]
 31136 | Orc:4    | Gained mutation: You are resistant to electric shocks. [potion of mutation]
 31195 | Orc:3    | Noticed Maud
 31482 | Orc:3    | Paralysed by an orc sorcerer for 6 turns
 31663 | Orc:3    | Killed Maud
 32023 | Orc:3    | Paralysed by an orc sorcerer for 5 turns
 32354 | Swamp:1  | Entered Level 1 of the Swamp
 32964 | Swamp:1  | Reached XP level 15. HP: 88/88 MP: 11/34
 33377 | Swamp:1  | Identified a scroll of acquirement
 33379 | Swamp:1  | Got a bloodstained hat
 33390 | Swamp:1  | Identified the +0 hat of Weightlessness {MR+ Stlth+} (You acquired it on level 1 of the Swamp)
 34147 | D:9      | Noticed a white ugly thing
 34158 | D:9      | Killed a white ugly thing
 34288 | Orc:4    | Bought a +0 pair of gloves of archery for 97 gold pieces
 34448 | D:10     | Reached skill level 15 in Spellcasting
 34789 | D:4      | Killed Eustachio
 34910 | D:5      | Reached skill level 1 in Bows
 34975 | D:5      | Found Zin's Purification Station.
 34981 | D:5      | Found a glowing silver altar of Zin.
 35037 | D:5      | Killed Edmund
 35076 | D:5      | Killed Grinder
 35169 | D:7      | Killed Razuka's ghost
 35844 | Swamp:2  | Reached skill level 5 in Bows
 36411 | Swamp:2  | Received a gift from Sif Muna
 36418 | Swamp:2  | Learned a level 4 spell: Sticky Flame
 36452 | Swamp:2  | Gained mutation: You have a pair of small antennae on your head. [potion of beneficial mutation]
 36471 | Swamp:2  | You fall through a shaft!
 36818 | Swamp:2  | Noticed Louise
 37028 | Swamp:2  | Noticed Frances
 37489 | Swamp:2  | Killed Louise
 37621 | Swamp:2  | Killed Frances
 37621 | Swamp:2  | Reached skill level 10 in Translocations
 38145 | Swamp:3  | Reached skill level 1 in Hexes
 38741 | Swamp:4  | Entered Level 4 of the Swamp
 39157 | Swamp:4  | Noticed a thorn hunter
 39160 | Swamp:4  | Noticed Mara
 39561 | Swamp:4  | Killed a thorn hunter
 39751 | Swamp:4  | Received a gift from Sif Muna
 39761 | Swamp:4  | Learned a level 3 spell: Regeneration
 40126 | Swamp:4  | Reached skill level 16 in Spellcasting
 40126 | Swamp:4  | Reached XP level 16. HP: 93/95 MP: 21/37
 40333 | Swamp:4  | Noticed the 27-headed Lernaean hydra
 41386 | Swamp:4  | Got a decaying rune of Zot
 41574 | Swamp:3  | Upgraded the game from 0.17-a0-1625-g47e540b to 0.17-a0-1632-g0af21bd
 41729 | Snake:1  | Entered Level 1 of the Snake Pit
 43493 | Snake:1  | Received a gift from Sif Muna
 43494 | Snake:1  | Identified Sif Muna's Guide on Stones and Combat Magic (Sif Muna gifted it to you on level 1 of the Snake Pit)
 44588 | Snake:2  | Reached skill level 17 in Spellcasting
 44722 | Snake:2  | Gained mutation: Your flesh is heat resistant. [potion of beneficial mutation]
 45494 | Snake:3  | Noticed Aizul
 45536 | Snake:3  | Killed Aizul
 45546 | Snake:3  | Reached XP level 17. HP: 39/101 MP: 11/39
 46178 | Snake:4  | Entered Level 4 of the Snake Pit
 46693 | Snake:4  | Received a gift from Sif Muna
 46987 | Snake:4  | Reached skill level 10 in Bows
 48598 | Snake:4  | Reached skill level 18 in Spellcasting
 48766 | Snake:4  | Gained mutation: You are agile. (Dex +2) [potion of beneficial mutation]
 49017 | Snake:4  | Received a gift from Sif Muna
 49018 | Snake:4  | Identified Sif Muna's Compendium of Gliding Aid (Sif Muna gifted it to you on level 4 of the Snake Pit)
 49025 | Snake:4  | Learned a level 2 spell: Repel Missiles
 49802 | Snake:4  | Reached XP level 18. HP: 97/107 MP: 13/41
 49854 | Snake:4  | Got a serpentine rune of Zot
 50321 | Elf:1    | Entered Level 1 of the Elven Halls
 50680 | Elf:1    | Noticed Nikola
 50687 | Elf:1    | Killed Nikola
 50688 | Elf:1    | You fall through a shaft!
 51943 | Elf:1    | Got a bloodstained cloak
 51954 | Elf:1    | Identified the +0 cloak of Cyvefumm {rF+} (You found it on level 1 of the Elven Halls)
 52507 | Elf:2    | Found a huge runed gate.
 52507 | Elf:2    | Found a huge runed gate.
 52507 | Elf:2    | Found a huge runed gate.
 52508 | Elf:2    | Found a huge runed gate.
 52510 | Elf:2    | Found a huge runed gate.
 52846 | Lair:1   | Learned a level 3 spell: Portal Projectile
 52851 | Lair:1   | Learned a level 4 spell: Summon Lightning Spire
 53500 | Elf:2    | Received a gift from Sif Muna
 53501 | Elf:2    | Identified Sif Muna's Incunabulum of Talismans and Weightlessness (Sif Muna gifted it to you on level 2 of the Elven Halls)
 54289 | D:12     | Noticed Urug
 54303 | D:12     | Killed Urug
 54819 | D:12     | Noticed Nergalle
 54834 | D:12     | Killed Nergalle
 55751 | D:14     | Found a runed door.
 55908 | D:14     | Reached skill level 19 in Spellcasting
 56213 | D:14     | Found Ygamoad's Weapon Emporium.
 56460 | D:14     | Reached skill level 10 in Dodging
 56523 | D:14     | Found a gate to the Vaults.
 56661 | D:14     | Learned a level 5 spell: Phase Shift
 56735 | D:14     | Found a portal to a secret trove of treasure.
 56759 | Trove    | Entered a treasure trove
 56766 | Trove    | Got a vibrating tin amulet
 56786 | Trove    | Got a coiled steel ring
 56790 | Trove    | Got an ancient platinum amulet
 56801 | D:14     | Identified the amulet "Vexuej" {Regen+ Dex+2} (You found it in a treasure trove)
 56803 | D:14     | Identified the amulet "Daxah" {Spirit rElec MR+ Str+2} (You found it in a treasure trove)
 56804 | D:14     | Identified the ring of Neepel {+Inv Str+3 Int+4} (You found it in a treasure trove)
 57503 | D:14     | Reached XP level 19. HP: 112/112 MP: 4/43
 57738 | D:14     | Identified the Compendium of Dark Rites (You found it on level 14 of the Dungeon)
 57741 | D:14     | Learned a level 1 spell: Animate Skeleton
 57749 | D:14     | Upgraded the game from 0.17-a0-1632-g0af21bd to 0.17-a0-1635-gd4e48f1
 57855 | Vaults:1 | Entered Level 1 of the Vaults
 58926 | Vaults:1 | Identified the Papyrus of the Lethal Rocks
 59283 | Vaults:1 | Got a pitted halberd
 59284 | Vaults:1 | Identified the +6 halberd "Beetlebane" {freeze, rElec rN+ Dex+3} (You found it on level 1 of the Vaults)
 59354 | Vaults:1 | Found Vetsojev's Distillery.
 59880 | Vaults:2 | Found Fiusasiss's Antique Armour Shop.
 60560 | Vaults:2 | Reached skill level 10 in Air Magic
 60730 | Vaults:2 | Noticed Norris
 60868 | Vaults:2 | Killed Norris
 61037 | Vaults:2 | Reached skill level 15 in Bows
 62395 | Vaults:3 | Found a staircase to the Crypt.
 62438 | Vaults:3 | Reached XP level 20. HP: 117/117 MP: 10/44
 62442 | Vaults:3 | Noticed Margery
 62571 | Vaults:3 | Noticed Sojobo
 62805 | Vaults:3 | Found a magical portal.
 62866 | WizLab   | Entered Cigotuvi's Fleshworks
 63660 | WizLab   | Paralysed by a giant eyeball for 2 turns
 63729 | WizLab   | Paralysed by a giant eyeball for 4 turns
 63968 | WizLab   | Got a heavily runed tin amulet
 63969 | WizLab   | Identified the amulet of the Enemy {rMut rElec} (You found it in a wizard's laboratory)
 64050 | WizLab   | Identified the Guide on Ashen Shape Shifting (You found it in a wizard's laboratory)
 64055 | WizLab   | Identified Cigotuvi's Collected Works on Unstable Unholy Magic (You found it in a wizard's laboratory)
 64059 | WizLab   | Identified Sif Muna's Tome of Earthen Shape Shifting
 64449 | Vaults:3 | Reached skill level 20 in Spellcasting
 64612 | Vaults:3 | Found Queduf's Distillery.
 64671 | Vaults:3 | Noticed Jory
 64741 | Vaults:3 | Killed Jory
 64814 | Vaults:3 | Killed Margery
 64920 | Vaults:3 | Noticed Jorgrun
 64925 | Vaults:3 | Your ally Margery died
 64937 | Vaults:3 | Killed Jorgrun
 65009 | Vaults:3 | Reached skill level 1 in Necromancy
 65439 | Vaults:3 | You fall through a shaft!
 65588 | Vaults:4 | Noticed Frederick
 66670 | Vaults:4 | Received a gift from Sif Muna
 66702 | Vaults:4 | Identified Sif Muna's Catalogue of Confrontation and Air (Sif Muna gifted it to you on level 4 of the Vaults)
 66868 | Vaults:4 | Found Rilum's Antique Armour Shoppe.
 66876 | Vaults:4 | Bought a runed hat for 140 gold pieces
 67330 | Vaults:4 | Reached XP level 21. HP: 122/122 MP: 12/46
 67756 | Vaults:4 | Killed Frederick
 68489 | Crypt:1  | Entered Level 1 of the Crypt
 69125 | Lair:1   | Learned a level 7 spell: Controlled Blink
 69935 | Crypt:1  | Noticed Boris
 69956 | Crypt:1  | Killed Boris
 70189 | Crypt:1  | Reached skill level 15 in Translocations
 70708 | Crypt:2  | Noticed a greater mummy
 70720 | Crypt:1  | Received a gift from Sif Muna
 70721 | Crypt:1  | Identified Sif Muna's Grimoire of Confrontation (Sif Muna gifted it to you on level 1 of the Crypt)
 70854 | Crypt:2  | Noticed Khufu
 72143 | D:15     | Entered Level 15 of the Dungeon
 72374 | D:15     | Reached skill level 21 in Spellcasting
 73048 | D:15     | Found a staircase to the Depths.
 73109 | D:15     | Found a blossoming altar of Fedhas.
 73378 | Elf:3    | Entered Level 3 of the Elven Halls
 73711 | Elf:3    | Reached skill level 15 in Conjurations
 73783 | Elf:3    | Upgraded the game from 0.17-a0-1635-gd4e48f1 to 0.17-a0-1636-g3119f2b
 74485 | Elf:3    | Reached skill level 15 in Charms
 74848 | Elf:3    | Reached XP level 22. HP: 120/128 MP: 27/48
 74902 | Elf:3    | Received a gift from Sif Muna
 75201 | Elf:3    | Got a brightly glowing iron ring
 75202 | Elf:3    | Got a slimy bardiche
 75203 | Elf:3    | Identified the ring "Koetougual" {rF+ rC- Int+7 Dex+5} (You took it off a deep elf sorcerer on level 3 of the Elven Halls)
 75204 | Elf:3    | Identified the cursed +3 bardiche "Juafur" {chop, rF+} (You took it off a deep elf sorcerer on level 3 of the Elven Halls)
 75236 | Elf:3    | Identified Sif Muna's Collected Works on Freezing Enchantment (Sif Muna gifted it to you on level 3 of the Elven Halls)
 75253 | Elf:3    | Learned a level 4 spell: Cause Fear
 75286 | Elf:3    | Got a brightly glowing spear
 75287 | Elf:3    | Identified the +8 spear of the Mosquito {flame, *Rage MR+ SInv} (You took it off a deep elf sorcerer on level 3 of the Elven Halls)
 75375 | Elf:3    | Got a pitted hand axe
 75376 | Elf:3    | Identified the +10 hand axe of the Lurker {elec, rF+ Str+4 Dex+2} (You took it off a deep elf demonologist on level 3 of the Elven Halls)
 75539 | Elf:3    | Got a polished flail
 75540 | Elf:3    | Identified the +4 flail "Raestrao" {crush, rElec Str-4 Dex+7 SInv} (You took it off a deep elf death mage on level 3 of the Elven Halls)
 75586 | Elf:3    | Identified the Tome of Air
 75818 | Elf:3    | Learned a level 5 spell: Dispel Undead
 76442 | Crypt:2  | Noticed Donald
 76448 | Crypt:2  | Killed Donald
 76512 | Crypt:2  | Your ally Donald died
 77638 | Crypt:3  | Entered Level 3 of the Crypt
 78425 | Crypt:3  | Found a basalt altar of Yredelemnul.
 78431 | Crypt:3  | Received a gift from Sif Muna
 78687 | Crypt:3  | Identified Sif Muna's Almanac of the Oath and Confrontation (Sif Muna gifted it to you on level 3 of the Crypt)
 79573 | Crypt:3  | Reached skill level 5 in Hexes
 79592 | Crypt:3  | Identified the Papyrus of Unholy Rituals
 79950 | Crypt:3  | Noticed Xtahua
 80142 | Crypt:3  | Killed Xtahua
 81526 | Crypt:3  | Received a gift from Sif Muna
 81527 | Crypt:3  | Got a polished morningstar
 81528 | Crypt:3  | Identified the +9 morningstar of Hell's Wrath {crush, rF- Int+7} (You took it off a vampire on level 3 of the Crypt)
 81810 | Crypt:3  | Got a faintly glowing ruby amulet
 81811 | Crypt:3  | Identified the amulet "Omiahiad" {Gourm Str+5} (You found it on level 3 of the Crypt)
 81814 | Crypt:3  | Got a fine trident
 81815 | Crypt:3  | Identified the cursed +1 trident "Conservator" {drain, rElec rN++ Str-3} (You found it on level 3 of the Crypt)
 81875 | Crypt:3  | Reached skill level 22 in Spellcasting
 82008 | Crypt:3  | Identified Haropt's Almanac of Conjuration and Weightlessness (Sif Muna gifted it to you on level 3 of the Crypt)
 82014 | Crypt:3  | Learned a level 4 spell: Summon Lightning Spire
 82053 | Crypt:3  | Found a staircase to the Tomb.
 82605 | Depths:1 | Entered Level 1 of the Depths
 82611 | Depths:1 | Reached XP level 23. HP: 133/133 MP: 32/50
 84204 | D:13     | Learned a level 2 spell: Swiftness
 84895 | Depths:1 | Received a gift from Sif Muna
 85031 | Depths:1 | Reached skill level 5 in Fighting
 85278 | Depths:1 | Reached skill level 5 in Short Blades
 85280 | Depths:1 | Identified Sif Muna's Incunabulum of Arcane Weapons (Sif Muna gifted it to you on level 1 of the Depths)
 85315 | Depths:1 | Reached skill level 10 in Stealth
 85531 | Depths:1 | Found a gateway to Hell.
 85629 | Depths:1 | Found a sparkling altar of Nemelex Xobeh.
 86058 | Depths:2 | Found Pipaacle's Magic Scroll Emporium.
 86066 | Depths:2 | Bought a scroll of blinking for 120 gold pieces
 86856 | Depths:2 | Found a one-way gate leading to the halls of Pandemonium.
 87707 | Depths:2 | Received a gift from Sif Muna
 87780 | Depths:2 | Found Xaeshrit's General Store.
 87790 | Depths:2 | Found Moupracu's Food Emporium.
 87821 | Depths:2 | Bought the cursed +0 pair of gloves of Kion {rF++ Slay+2} for 722 gold pieces
 87950 | Depths:2 | Found Roisuss's Antique Weapon Emporium.
 87970 | Depths:2 | Bought an encrusted rapier for 288 gold pieces
 87970 | Depths:2 | Identified the +6 rapier of Overwhelming Force {drain, rF+} (You bought it in a shop on level 2 of the Depths)
 88472 | Depths:2 | Killed from afar by a frost giant

Vault maps used:
D:1:      dpeg_arrival_simpleton_c, st_stairs_11, serial_bayou_lagoon_b
D:2:      lemuel_crystal_altar
D:3:      uniq_crazy_yiuf_cottage
D:4:      grunt_temple_overflow_open, uniq_robin, uniq_eustachio
D:5:      zin_purify, first_bread, uniq_edmund, uniq_grinder
D:6:      kennysheep_kobold_camp
D:7:      lemuel_slime, nicolae_tso_besieged_by_evil, minmay_temple_entry_mist
D:8:      gammafunk_temple_overflow_wave
D:9:      kennysheep_little_box, erik_orc_1
D:11:     dpeg_lair_monsters, lab_entry_generic, hangedman_tell_no_tales,
          st_stairs_5
D:12:     cheibrodos_stairvault_heist, uniq_nergalle, uniq_urug
D:13:     nrook_guardian_serpent_double
D:14:     grunt_vaults_entry_tiered, serial_shops, nicolae_shop_crystal,
          nicolae_trove_entry_columns, lightli_airlock, uniq_nessos
D:15:     gammafunk_enter_depths_forms, fedhas_altar_4
Temple:   temple_of_Zot_ovaries
Lair:1:   nicolae_quartered_pool_little
Lair:2:   serial_bayou_shore_b, grunt_megastairs_4, bh_autumn_forest_stairs
Lair:3:   swamp_mist, uniq_snorg
Lair:5:   nicolae_quartered_pool_super
Lair:6:   minmay_snake_entry_guardpost_small, minmay_slime_entry_jelly_boxes,
          minivault_19, roderic_lost_polar_bear, infiniplex_staircase_pool_2,
          uniq_rupert
Lair:8:   grunt_lair_end_beastmaster, grunt_megastairs_1
Swamp:1:  evilmike_swamp_ruin_house_1, swamp_pool4, nicolae_swamp_treefoil
Swamp:2:  serial_swamp_ruin, evilmike_swamp_ruin_house_3,
          evilmike_swamp_ruin_house_4, hangedman_swamp_ruin_wall, swamp_pool2,
          uniq_frances, uniq_louise
Swamp:3:  nicolae_snake_squiggles, swamp_pool2, infiniplex_staircase_pool
Swamp:4:  swamp_old_school, uniq_mara
Snake:2:  grunt_ministairs_14
Snake:3:  uniq_aizul
Snake:4:  grunt_snake_rune_pools, serial_bayou_pond_d, st_stairs_1
Orc:1:    nicolae_orc_sculptors_studio, uniq_fannar, uniq_maurice
Orc:3:    nicolae_orc_pool_cavern, uniq_maud
Orc:4:    st_orc_town, basic_altar, uniq_josephine
Elf:1:    orc_legates, grunt_megastairs_3, uniq_nikola
Elf:2:    spider_trap, lemuel_elevator
Elf:3:    minmay_elf_hall_circle, grunt_ministairs_11
Vaults:1: hangedman_vaults_slice, v_pattern_2, hangedman_vaults_river_flow,
          vaults_standard_mumra_enter_the_diamond,
          nicolae_vaults_mini_display_case, v_rooms_5, vaults_mumra_chevron,
          v_misc_13, nicolae_vaults_hallways_thing,
          nicolae_vaults_little_squares_6, vaults_dpeg_diagonal, serial_shops,
          shop
Vaults:2: v_rooms_1, vaults_room_guarded_vault, nicolae_vaults_three_branches,
          grunt_vaults_twisty, hangedman_vaults_slice, v_misc_5,
          v_alt_pattern_1, vaults_room_ringed_pool, v_misc_26, vaults_mumra_lcd,
          vaults_dpeg_doors, nicolae_vaults_rhombus_7,
          hangedman_vaults_stretched_pinwheel, serial_shops, shop, uniq_norris
Vaults:3: minmay_crypt_entry_simple_statues, hangedman_vaults_maws,
          nicolae_vaults_little_squares_4,
          vaults_standard_mumra_enter_the_diamond, v_pattern_4,
          hangedman_vaults_corner, hangedman_vaults_stitches, v_misc_24,
          hangedman_vaults_nails, nicolae_vaults_little_squares_4,
          nicolae_vaults_theta, mu_enter_wizlab_3, serial_shops, shop,
          uniq_margery, uniq_sojobo, uniq_jory, uniq_jorgrun
Vaults:4: v_misc_3, grunt_vaults_hallway_long, vaults_dpeg_ring,
          nicolae_vaults_little_squares_3, v_pattern_3, st_lines,
          vaults_room_corners, vaults_room_stairs_pillars, v_misc_15,
          vaults_room_door_hall, serial_shops, shop, uniq_frederick
Crypt:1:  minivault_5, uniq_boris
Crypt:2:  roderic_lattice_octagonal_star, uniq_khufu, uniq_donald
Crypt:3:  grunt_crypt_end_deaths_head, uniq_xtahua
Depths:1: minmay_quarter_circles, hell_entry, minivault_16, nemelex_deck
Depths:2: four-leaf_vault, serial_shops, nicolae_shop_statue_plus,
          nicolae_shop_competitors_out_of_business, nicolae_shop_waterfront,
          shop, grunt_pan_entry_zigzag, hell_entry, minmay_large_rounded_square,
          infiniplex_staircase_x
Lab:      labyrinth_mini_lab, nicolae_lab_x, labyrinth_lava_lair
Trove:    trove_jewel_2
WizLab:   wizlab_cigotuvi

Action                   |  1- 3 |  4- 6 |  7- 9 | 10-12 | 13-15 | 16-18 | 19-21 | 22-24 || total
-------------------------+-------+-------+-------+-------+-------+-------+-------+-------++-------
Melee: Dagger            |    79 |   107 |    60 |   527 |   203 |   188 |   312 |   214 ||  1690
       Whip              |       |    22 |   465 |       |       |       |       |       ||   487
       Mace              |       |       |    81 |       |       |       |       |       ||    81
       Rapier            |       |       |       |   176 |   349 |   125 |   185 |   104 ||   939
 Fire: Shortbow          |       |       |       |       |   152 |  1317 |  1765 |  1264 ||  4498
       Blowgun           |       |       |       |       |     5 |       |       |       ||     5
 Cast: Freeze            |    47 |    49 |   149 |   330 |    28 |       |       |       ||   603
       Ozocubu's Armour  |     2 |    22 |    42 |    90 |    65 |    74 |    72 |    68 ||   435
       Throw Frost       |       |     6 |    50 |   163 |   170 |    83 |    53 |    16 ||   541
       Condensation Shie |       |       |       |    66 |    60 |    70 |    67 |    62 ||   325
       Summon Ice Beast  |       |       |       |    27 |     5 |     9 |     7 |       ||    48
       Shroud of Golubri |       |       |       |    39 |    61 |    64 |    63 |    59 ||   286
       Mephitic Cloud    |       |       |       |    32 |    97 |    64 |   122 |    50 ||   365
       Force Lance       |       |       |       |    27 |   304 |   351 |   332 |   362 ||  1376
       Throw Icicle      |       |       |       |    14 |     6 |       |     4 |       ||    24
       Magic Dart        |       |       |       |       |   371 |   120 |    58 |   131 ||   680
       Iskenderun's Batt |       |       |       |       |   171 |    88 |    58 |    71 ||   388
       Dazzling Spray    |       |       |       |       |    42 |   112 |    82 |   123 ||   359
       Blink             |       |       |       |       |     6 |     5 |     9 |     4 ||    24
       Regeneration      |       |       |       |       |     1 |    36 |    19 |     6 ||    62
       Apportation       |       |       |       |       |     1 |     4 |     8 |     1 ||    14
       Repel Missiles    |       |       |       |       |       |     3 |     3 |     6 ||    12
       Portal Projectile |       |       |       |       |       |     1 |    66 |    28 ||    95
       Animate Skeleton  |       |       |       |       |       |       |   137 |    66 ||   203
       Phase Shift       |       |       |       |       |       |       |    58 |    69 ||   127
       Controlled Blink  |       |       |       |       |       |       |     4 |     6 ||    10
       Dispel Undead     |       |       |       |       |       |       |       |    23 ||    23
       Summon Lightning  |       |       |       |       |       |       |       |     2 ||     2
       Swiftness         |       |       |       |       |       |       |       |     4 ||     4
Invok: Channel Energy    |       |       |     8 |   304 |   548 |   341 |   547 |   458 ||  2206
       Forget Spell      |       |       |       |       |       |       |       |     1 ||     1
 Abil: Blink             |       |       |       |       |       |       |     1 |       ||     1
Evoke: Wand              |       |       |       |     3 |     6 |     5 |    15 |    10 ||    39
       Lamp of fire      |       |       |       |       |       |       |     2 |     1 ||     3
  Use: Scroll            |     5 |     5 |     8 |    16 |    23 |    13 |    15 |    20 ||   105
       Potion            |     1 |     2 |     3 |     4 |     4 |     2 |     6 |     5 ||    27
 Stab: Sleeping          |     5 |     5 |     5 |     8 |    18 |    24 |    31 |     6 ||   102
       Distracted        |       |     1 |       |     4 |     3 |     1 |     3 |     6 ||    18
       Confused          |       |       |       |    30 |    58 |    31 |    59 |    19 ||   197
       Invisible         |       |       |       |       |     9 |    17 |    17 |     6 ||    49
  Eat: Chunk             |     2 |     7 |    16 |    79 |   131 |    79 |   116 |   104 ||   534
       Bread ration      |       |     1 |       |       |       |     1 |     6 |     2 ||    10
       Royal jelly       |       |       |     1 |       |     4 |       |       |       ||     5
       Meat ration       |       |       |     1 |     1 |       |     3 |       |     3 ||     8
       Pizza             |       |       |       |     1 |       |     1 |       |     1 ||     3
       Fruit             |       |       |       |       |     3 |     4 |       |       ||     7
       Beef jerky        |       |       |       |       |     1 |     1 |     2 |     2 ||     6
